 Dungeon Crawl Stone Soup version 0.24.0-41-g2ae2f7f1be (webtiles) character file.

Game seed: 6852502131968429763, levelgen mode: deterministic

28 Hasart the Sneak (level 2, 0/17 HPs)
             Began as a Vampire Assassin on Dec 11, 2019.
             Slain by an adder (3 damage)
             ... on level 2 of the Dungeon.
             The game lasted 00:02:54 (985 turns).

Hasart the Sneak (Vampire Assassin)                  Turns: 985, Time: 00:02:55

Health: 0/17       AC:  3    Str: 10    XL:     2   Next: 96%
Magic:  2/2        EV: 12    Int: 13    God:
Gold:   81         SH:  0    Dex: 15    Spells: 1/1 levels left

rFire    . . .     SeeInvis +   a - +2 dagger
rCold    + + .     Gourm    .   (no shield)
rNeg     + + +     Faith    +   b - +0 robe
rPois    ∞         Spirit   .   (no helmet)
rElec    .         Reflect  .   c - +0 cloak
rCorr    .         Harm     .   (no gloves)
MR       .....                  (no boots)
Stlth    +++++.....             k - amulet of faith
HPRegen  0.00/turn              (no ring)
MPRegen  0.08/turn              (no ring)

@: bloodless
A: no food, fangs 3, see invisible, unbreathing
a: Revivify


You were on level 2 of the Dungeon.
You were bloodless.

You visited 1 branch of the dungeon, and saw 2 of its levels.

You collected 81 gold pieces.

Inventory:

Hand Weapons
 a - a +2 dagger (weapon)
Missiles
 d - 8 poisoned darts (quivered)
 e - 2 curare-tipped darts
Armour
 b - a +0 robe (worn)
 c - a +0 cloak (worn)
Jewellery
 f - an uncursed amulet of rage
 k - an amulet of faith (around neck)
Scrolls
 g - a scroll of magic mapping {unknown}
 h - a scroll of identify {unknown}
 i - a scroll of blinking {unknown}
 m - 2 scrolls of fog {unknown}
Potions
 j - 2 potions of curing {unknown}
 l - a potion of heal wounds {unknown}
 n - a potion of degeneration {unknown}


   Skills:
 + Level 2.0 Fighting
 + Level 2.5 Short Blades
 + Level 1.8 Throwing
 + Level 1.1 Dodging
 + Level 6.8 Stealth


You had one spell level left.
You didn't know any spells.
Your spell library was empty.

Dungeon Overview and Level Annotations

Branches:
Dungeon (2/15)

Altars:


Innate Abilities, Weirdness & Mutations

You do not eat.
You do not regenerate when monsters are visible.
You are frail without blood (-20% HP).
You can heal yourself when you bite living creatures.
You are immune to poison.
You have razor-sharp teeth.
You have supernaturally acute eyesight. (SInv)
You can survive without breathing.


Message History

The frilled lizard barely misses you.
You hit the adder but do no damage. The adder bites you.
The adder bites you but does no damage.
You hit the adder.
The adder is moderately wounded.
The frilled lizard barely misses you. The adder closely misses you. x2
You hit the adder.
The adder is moderately wounded.
The adder bites you.
* * * LOW HITPOINT WARNING * * *
The frilled lizard bites you.
* * * LOW HITPOINT WARNING * * *
The adder closely misses you.
You barely miss the adder.
The adder is moderately wounded.
The adder bites you but does no damage. The adder misses you.
The frilled lizard bites you.
* * * LOW HITPOINT WARNING * * *
The adder bites you.
You die...

#.............†.#
#########...###.#
##### #.# #.# #.#
#(# ####.#
##########$...#.##
.....gS@S........#
#######l.#†####.##
#..#.# .# #..#S# #
#....# .....#
##..... #.?...


You could see 2 adders, a goblin and a frilled lizard.

Vanquished Creatures
  A leopard gecko (D:1)
  2 giant cockroaches (D:1)
  A goblin (D:1)
  5 hobgoblins (D:1)
  A ball python (D:1)
  5 bats
  2 frilled lizards (D:1)
  8 kobolds
  A rat (D:1)
26 creatures vanquished.

Notes
Turn   | Place    | Note
-------+----------+-------------------------------------------
     0 | D:1      | Hasart the Vampire Assassin began the quest for the Orb.
     0 | D:1      | Reached XP level 1. HP: 16/16 MP: 1/1
   240 | D:1      | Reached skill level 6 in Stealth
   374 | D:1      | Reached XP level 2. HP: 17/17 MP: 2/2
   985 | D:2      | Slain by an adder

Levels and vault maps discovered:
D:1:      ncdulo_smallfort, layout_loops_cross
D:2:      minmay_spotlight, layout_loops_ring, st_stairs_1,
          kennysheep_generic_room_7, uniq_natasha

Skill      XL: |  1  2 |
---------------+-------+-----
Stealth        | 6 |  6.8
Fighting       | 2 |  2.0
Short Blades   | |  2.5
Throwing       | |  1.8
Dodging        | |  1.1

Action                   || total
-------------------------++-------
Melee: Dagger            ||    50
       Bite              ||     2
 Abil: Exsanguinate      ||     1
 Stab: Sleeping          ||    13
       Distracted        ||     1
Armor: Robe              ||     7
Dodge: Dodged            ||    21
